cohdb
Replays
Latest Replays
All Replays
Popular Replays
Top Player Replays
Match Explorer
How It Works
Community
CoH3 Stats
Reddit
Sign in to upload your games and track your stats! →
Sign in with Steam
Match 43239606
Unlisted
Match 43239606
Overview
Messages
Build Orders
End
Construct Infanterie Kompanie
Selects Terror Battlegroup
Selects Machine Gun Camouflage
Grenadier Squad
MG 42 Machine Gun Team
Grenadier Squad
GrW 34 Mortar Team
MG 42 Bunker
Construct Panzergrenadier Kompanie
251 Medium Carrier
Panzergrenadier Squad
Pak 40 Anti-tank Gun Team
Support Elements
Medical Station
Panzergrenadier Officer Quarters
Nebelwerfer 42 Rocket Launcher Team
Selects No Quarter
Construct Panzer Kompanie
Panzer IV Medium Tank
Panzer IV Medium Tank
Nebelwerfer 42 Rocket Launcher Team
[B2B] Totino the Pizza Boy
Orb
欧金金斯库一
God is Stalin's Sex Slavery
woof_raff
Gordon Tucker
0
0
Comments
sign in to comment!
No comments posted yet!